 Dungeon Crawl Stone Soup version 0.31-a0-276-ge00219d475 (webtiles) character file.

Game seed: 17151672792022901996

273 Querens the Ruffian (level 6, -6/62 HPs)
             Began as a Troll Monk on July 15, 2023.
             Mangled by a gnoll
             ... wielding a +2 heavy halberd
              (13 damage)
             ... on level 4 of the Dungeon.
             The game lasted 00:05:40 (1933 turns).

Querens the Ruffian (Troll Monk)                    Turns: 1933, Time: 00:05:40

Health: -6/62      AC:  5    Str: 22    XL:     6   Next: 2%
Magic:  5/5        EV: 10    Int:  6    God:
Gold:   80         SH:  0    Dex: 12    Spells: 5/5 levels left

rFire   . .          .
                       - Unarmed
rCold   . . .        (no shield)
rNeg    . . .        a - +0 robe
rPois   .            (helmet restricted)
rElec   .            d - +0 cloak
rCorr   .            (gloves unavailable)
SInv    .            (boots unavailable)
Will    .....        (no amulet)
Stlth   +            (no ring)
HPRegen 1.10/turn    (no ring)
MPRegen 0.09/turn

%: no passive effects
@: invisible
A: large, unfitting armour, claws 3, regeneration 1, shaggy fur 1, tough skin 1
a: no special abilities


You were on level 4 of the Dungeon.
You visited 1 branch of the dungeon, and saw 4 of its levels.

You collected 80 gold pieces.

Inventory:

Armour
 a - a +0 robe (worn)
 c - an orb of light
 d - a +0 cloak (worn)
 p - a +0 tower shield
Wands
 l - a wand of polymorph (8)
Scrolls
 g - 2 scrolls of fear {unknown}
 h - a scroll of teleportation {unknown}
 k - a scroll of revelation {unknown}
 n - 2 scrolls of vulnerability {unknown}
Potions
 b - a potion of ambrosia
 f - 2 potions of magic
 i - 2 potions of degeneration
 j - a potion of berserk rage {unknown}
 m - a potion of haste {unknown}
 o - a potion of invisibility


   Skills:
 + Level 4.3 Fighting
 - Level 2.4 Dodging
 + Level 5.2 Unarmed Combat


You had 5 spell levels left.
You didn't know any spells.
Your spell library was empty.

Dungeon Overview and Level Annotations

Branches:
Dungeon (4/15)
 Temple: D:4-7

Altars:
Hepliaklqana


Innate Abilities, Weirdness & Mutations

You are too large for most types of armour.
You have claws for hands.
Your natural rate of healing is unusually fast.
You are covered in fur. (AC +1)
You have tough skin. (AC +1)


Message History

Found a scroll labelled LUUQANWONT. 4 gnolls come into view.
A gnoll is wielding a +2 heavy halberd.
The gnoll shouts! x3
The gnoll hits you from afar with a +0 halberd!
The gnoll barely misses you. The gnoll barely misses you.
You completely miss the gnoll. The gnoll hits you with a +0 halberd!
You claw the gnoll!
The gnoll is severely wounded.
The gnoll hits you with a +0 halberd!
You are too injured to fight recklessly!
You are too injured to fight recklessly!
You are too injured to fight recklessly!
You scratch the gnoll but do no damage.
The gnoll is severely wounded.
You claw the gnoll!
You kill the gnoll!
You have reached level 6!
You feel stronger. The gnoll attacks as you move away!
The gnoll hits you with a +0 flail. The gnoll attacks as you move away!
The gnoll hits you but does no damage.
Found a beast talisman.
The gnoll attacks as you move away! The gnoll hits you with a +0 flail!
The gnoll attacks as you move away! The gnoll barely misses you.
Okay, then.
As you read the scroll labelled ESMICO NEILEJIRCH, it crumbles to dust.
It is a scroll of identify.
f - 2 potions of magic The gnoll barely misses you.
The gnoll hits you from afar with a +2 heavy halberd!
As you read the scroll of identify, it crumbles to dust.
i - 2 potions of degeneration The gnoll hits you with a +0 flail!
* * * LOW HITPOINT WARNING * * *
It was a potion of invisibility.
You fade into invisibility!
The gnoll hits you with a +0 flail!
* * * LOW HITPOINT WARNING * * *
The gnoll hits you from afar with a +2 heavy halberd!
You die...

#.# #.# #.# #.# #.#
#.# ########.#######
#.# .....g)........#
#.# .#######g#####.#
#.# #.# #.# #.#
#.#####.#####.#
#..gg@........#
#.◑.....g###.#######
########.# #.# #.#
#.# #.# #.# #.# #.#
..# #.# ### #.# #.#


You could see 3 gnolls.

Vanquished Creatures
  Sigmund (D:2)
  A gnoll (D:4)
  5 adders
  A worm (D:4)
  3 dart slugs
  An orc (D:3)
  9 endoplasms
  7 goblins
  5 hobgoblins
  2 jackals (D:3)
  A quokka (D:2)
  6 ball pythons
  4 bats
  3 frilled lizards
  8 kobolds
  3 rats
60 creatures vanquished.

Notes
Turn   | Place    | Note
-------+----------+-------------------------------------------
     0 | D:1      | Querens the Troll Monk began the quest for the Orb.
     0 | D:1      | Reached XP level 1. HP: 22/22 MP: 0/0
    64 | D:1      | Reached XP level 2. HP: 29/29 MP: 1/1
   560 | D:2      | Reached XP level 3. HP: 37/37 MP: 2/2
   878 | D:2      | Found a hazy altar of Hepliaklqana.
   886 | D:2      | Reached skill level 4 in Unarmed Combat
   919 | D:2      | Noticed Sigmund
   948 | D:2      | Killed Sigmund
   949 | D:2      | Reached XP level 4. HP: 37/48 MP: 3/3
   949 | D:2      | Reached XP level 5. HP: 42/54 MP: 4/4
   980 | D:2      | Reached skill level 5 in Unarmed Combat
  1924 | D:4      | Reached XP level 6. HP: 33/62 MP: 5/5
  1933 | D:4      | Mangled by a gnoll

Illustrated notes

Levels and vault maps discovered:
D:1:      eino_arrival_water_cross, layout_basic
D:2:      layout_basic, basic_altar, hangedman_decor_growths, uniq_sigmund
D:3:      layout_basic
D:4:      layout_loops_ring, gammafunk_temple_overflow_statue

Skill      XL: |  1  2  3  4  5 |
---------------+----------------+-----
Fighting       | 3 4 |  4.3
Unarmed Combat | 4 5 |  5.2
Dodging        | |  2.4

Action                     |  1- 3 |  4- 6 || total
---------------------------+-------+-------++-------
  Melee: Unarmed           |    78 |    47 ||   125
         Punch             |     1 |       ||     1
    Use: Scroll            |       |     2 ||     2
         Potion            |       |     1 ||     1
   Stab: Sleeping          |       |     1 ||     1
 Armour: Robe              |    28 |    20 ||    48
         Skin              |     1 |       ||     1
  Dodge: Dodged            |    47 |    29 ||    76

Table legend: (Time is in decaauts)
 A = Elapsed time spent in this place.
 B = Non-inter-level travel time spent in this place.
 C = Inter-level travel time spent in this place.
 D = Time resting spent in this place.
 E = Time spent auto-exploring this place.
 F = Levels seen in this place.
 G = Mean time per level.
                   A        B        C        D        E       F      G
               +--------+--------+--------+--------+--------+-----+--------+
         Total |   1922 |   1689 |    233 |      0 |      0 |   4 |  480.5 |
       Dungeon |   1922 |   1689 |    233 |      0 |      0 |   4 |  480.5 |
               +--------+--------+--------+--------+--------+-----+--------+

Top non-repeatable levels by time:
     D:2: 693 daAuts
     D:3: 601 daAuts
     D:1: 501 daAuts
     D:4: 125 daAuts
